 Dungeon Sprint DCSS version 0.22.1-2-g9c5b331383 (webtiles) character file.

275823 Groucho the Imperceptible (level 12, 18/65 HPs)
             Began as a Felid Berserker on Nov 21, 2018.
             Was a High Priest of Trog.
             Escaped with the Orb!
             The game lasted 00:22:11 (5696 turns).

Groucho the Imperceptible (Felid Berserker)         Turns: 5696, Time: 00:22:12

Health: 18/65      AC:  3    Str: 13    XL:     12   Next: 57%
Magic:  13/13      EV: 35    Int: 10    God:    Trog [*****.]
Gold:   36         SH:  0    Dex: 19    Spells: 11/11 levels left
                                        Lives:  2   Deaths: 0

rFire    + . .     SeeInvis +     - Unarmed
rCold    + . .     Gourm    .   (shield unavailable)
rNeg     . . .     Faith    .   (armour unavailable)
rPois    .         Spirit   .   (helmet unavailable)
rElec    .         Reflect  .   (cloak unavailable)
rCorr    .         Harm     .   (gloves unavailable)
MR       +....     NoTele   +   (boots unavailable)
Stlth    ++++......             (no amulet)
HPRegen  0.20/turn              b - ring of protection from fire
MPRegen  0.13/turn              (no ring)

@: very slightly contaminated, quick
A: very small, no armour, no weapons or thrown items, stealth, claws 1, fangs 3,
see invisible, carnivore, speed 1, shaggy fur 3, slow metabolism 1, sharp paws
0: Orb of Zot
a: Berserk, Trog's Hand, Brothers in Arms, Renounce Religion


You escaped.
You worshipped Trog.
Trog was extremely pleased with you.
You were not hungry.

You visited 1 branch You collected 2897 gold pieces.
You spent 2861 gold pieces at shops.

Inventory:

Jewellery
 b - a ring of protection from fire (left paw)
 p - an uncursed ring of fire
Wands
 f - a wand of acid (4)
 g - a wand of digging (7)
 h - a wand of flame (53)
 i - a wand of random effects (26)
Scrolls
 a - a scroll of remove curse
 c - a scroll of fog
 m - a scroll of enchant weapon {unknown}
 n - a scroll of vulnerability {unknown}
 o - 2 scrolls of identify
Potions
 d - a potion of haste
 e - 3 potions of magic
 j - a potion of flight
 k - a potion of brilliance
 r - a potion of invisibility
 t - a potion of cancellation
 u - a potion of curing
Comestibles
 s - 2 rations


   Skills:
 + Level 15.0 Fighting
 + Level 18.7 Dodging
 + Level 25.2 Stealth
 + Level 15.0 Unarmed Combat


You had 11 spell levels left.
You didn't know any spells.
Your spell library was empty.

Dungeon Overview and Level Annotations

Branches:
Dungeon (1/1)

Altars:
Cheibriados
Dithmenos
Elyvilon
Fedhas
Gozag
Hepliaklqana
Kikubaaqudgha
Makhleb
Nemelex Xobeh
Okawaru
Qazlal
Ru
Sif Muna
Trog
Uskayaw
Vehumet
Wu Jian
Xom
Yredelemnul
Zin
The Shining One
Jiyva
Lugonu

Shops:
D *[?%[*:=%*%}!!??=([[?*

Annotations:
D Tiamat


Innate Abilities, Weirdness & Mutations

You cannot wear armour.
You are incapable of wielding weapons or throwing items.
Your paws allow you to move quietly. (Stealth)
You have sharp claws.
You have razor-sharp teeth.
You have supernaturally acute eyesight. (SInv)
You are carnivorous and can eat meat at any time.
You cover ground quickly.
Your thick and shaggy fur keeps you warm. (AC +3, rC+)
You have a slow metabolism.
Your sharp claws are effective at attacking unaware monsters.


Message History

An Ice Fiend comes into view.
The Ice Fiend gestures at you. The bolt of cold misses you.
There is an open door here.
There is an open door here.
Things that are here:
a robe; an antimagic scythe
There is an open door here.
The Ice Fiend gestures at you. The bolt of cold hits you! You resist.
* * * LOW HITPOINT WARNING * * *
You see here a giant spiked club.
The Ice Fiend gestures at you. The bolt of cold misses you.
There is an open door here.
Things that are here:
a glowing leather armour; an enchanted club
There is an open door here.
There is a staircase leading out of the dungeon here.
You have escaped!

##################
#@.#.['.1#.[1..#__
#..'..#.)'1.#..'..
#..#####'#####'#__
#..####..#...#.###
#..#__####..##.#§§
#..#_____##'#_.§§§
#⌠⌠#_.∩...'...§#§§
#..._..__##_.#'#§+
#..#_____###'#.#(.


There were no monsters in sight!

Vanquished Creatures
  A shadow dragon (D)
  2 fire giants (D)
  A hydra (D)
  2 centaur warriors (D)
  7 unseen horrors (D)
  A deep troll (D)
  A lindwurm (D)
  An oklob plant (D)
  2 kobold demonologists (D)
  2 demonic crawlers (D)
  A hornet (D)
  A slime creature (D)
  Sigmund (D)
  2 redbacks (D)
  A yak (D)
  13 hogs (D)
  3 floating eyes (D)
  7 necrophages (D)
  An ogre (D)
  8 jellies (D)
  Ijyb (D)
  5 ballistomycetes (D)
64 creatures vanquished.

Vanquished Creatures (collateral kills)
  A golden dragon (D)
  A daeva (D)
  2 fire giants (D)
  8 shining eyes (D)
  2 demonic crawlers (D)
  4 floating eyes (D)
18 creatures vanquished.

Vanquished Creatures (others)
  Sonja (D)
  An infernal demonspawn (D)
  A gargoyle (D)
  2 ballistomycete spores (D)
5 creatures vanquished.

Grand Total: 87 creatures vanquished

Notes
Turn   | Place    | Note
-------+----------+-------------------------------------------
     0 | D        | Groucho the Felid Berserker began the quest for the Orb.
     0 | D        | Reached XP level 1. HP: 10/10 MP: 2/2
     2 | D        | Noticed Ijyb
    13 | D        | Killed Ijyb
    13 | D        | Reached skill level 7 in Stealth
    13 | D        | Reached XP level 2. HP: 13/14 MP: 3/3
   336 | D        | Noticed an ogre
   340 | D        | Killed an ogre
   340 | D        | Reached skill level 12 in Stealth
   340 | D        | Reached XP level 3. HP: 17/17 MP: 4/4
   340 | D        | Reached XP level 4. HP: 21/21 MP: 5/5
   504 | D        | Noticed Sigmund
   506 | D        | Killed Sigmund
   506 | D        | Reached ** piety under Trog
   506 | D        | Reached skill level 16 in Stealth
   506 | D        | Reached XP level 5. HP: 24/24 MP: 6/6
   523 | D        | Found an ornate altar of the Wu Jian Council.
   523 | D        | Found a deep blue altar of Sif Muna.
   525 | D        | Found a radiant altar of Vehumet.
   529 | D        | Gained mutation: You are covered in thick fur. (AC +2)
                  | [Felid growth]
   529 | D        | Reached XP level 6. HP: 28/28 MP: 7/7
   568 | D        | Found Mozeg's Food Emporium.
   568 | D        | Found an ancient bone altar of Kikubaaqudgha.
   568 | D        | Found a hazy altar of Hepliaklqana.
   568 | D        | Found a stormy altar of Qazlal.
   568 | D        | Found a hide-covered altar of Uskayaw.
   568 | D        | Found a blossoming altar of Fedhas.
   568 | D        | Found a bloodstained altar of Trog.
   568 | D        | Found an iron altar of Okawaru.
   568 | D        | Found a basalt altar of Yredelemnul.
   568 | D        | Found a glowing golden altar of the Shining One.
   568 | D        | Found a snail-covered altar of Cheibriados.
   568 | D        | Found a sacrificial altar of Ru.
   568 | D        | Found a glowing silver altar of Zin.
   568 | D        | Found a shadowy altar of Dithmenos.
   568 | D        | Found a white marble altar of Elyvilon.
   568 | D        | Noticed a yak
   569 | D        | Found an opulent altar of Gozag.
   570 | D        | Killed a yak
   570 | D        | Reached skill level 18 in Stealth
   571 | D        | Found a sparkling altar of Nemelex Xobeh.
   583 | D        | Found a burning altar of Makhleb.
   583 | D        | Found a shimmering altar of Xom.
   583 | D        | Noticed a slime creature
   584 | D        | Found a viscous altar of Jiyva.
   584 | D        | Found a corrupted altar of Lugonu.
   592 | D        | Killed a slime creature
   592 | D        | Reached *** piety under Trog
   592 | D        | Reached skill level 5 in Dodging
   592 | D        | Reached XP level 7. HP: 32/32 MP: 8/8
   754 | D        | Noticed a centaur warrior
   765 | D        | Noticed a centaur warrior
   766 | D        | Killed a centaur warrior
   766 | D        | Reached skill level 19 in Stealth
   766 | D        | Reached XP level 8. HP: 39/39 MP: 9/9
   768 | D        | Killed a centaur warrior
   768 | D        | Reached skill level 10 in Dodging
   768 | D        | Reached skill level 20 in Stealth
   790 | D        | Noticed a hornet
   806 | D        | Killed a hornet
   806 | D        | Reached XP level 9. HP: 43/44 MP: 10/10
  1168 | D        | Noticed an oklob plant
  1170 | D        | Killed an oklob plant
  1170 | D        | Reached **** piety under Trog
  1374 | D        | Killed a gargoyle
  1411 | D        | Noticed an unseen horror
  1411 | D        | Noticed an unseen horror
  1435 | D        | Killed an unseen horror
  1435 | D        | Reached skill level 21 in Stealth
  1443 | D        | Killed an unseen horror
  1443 | D        | Reached XP level 10. HP: 13/51 MP: 11/11
  1960 | D        | Reached ***** piety under Trog
  1960 | D        | Reached skill level 10 in Fighting
  1960 | D        | Reached skill level 10 in Unarmed Combat
  2349 | D        | Reached ****** piety under Trog
  2373 | D        | Found Tusad's Jewellery Shoppe.
  2373 | D        | Found Affev's Book Shop.
  2373 | D        | Found Aloemoy's Food Boutique.
  2375 | D        | Found Rayzy's Assorted Antiques.
  2375 | D        | Found Xuvug's Food Shop.
  2375 | D        | Found Karch's Gadget Shoppe.
  2375 | D        | Found Juug's Distillery.
  2375 | D        | Found Bigofur's Distillery.
  2375 | D        | Found Dioke's Magic Scroll Shop.
  2375 | D        | Found Quaw's Magic Scroll Shoppe.
  2377 | D        | Found Pig Lud's Jewellery Boutique.
  2378 | D        | Found Yshraludgh's Armour Emporium.
  2378 | D        | Found Dijeahot's Antique Weapon Boutique.
  2379 | D        | Found Ucruumow's Magic Scroll Emporium.
  2382 | D        | Bought a wand of digging (12) for 352 gold pieces
  2383 | D        | Bought a potion of flight for 39 gold pieces
  2408 | D        | Found Uvup's Armour Emporium.
  2417 | D        | Noticed a deep troll
  2421 | D        | Killed a deep troll
  2435 | D        | Noticed Sonja
  2461 | D        | Killed Sonja
  2461 | D        | Reached skill level 22 in Stealth
  2479 | D        | Found Fiubaicw's Assorted Antiques.
  3080 | D        | Noticed a lindwurm
  3082 | D        | Killed a lindwurm
  3087 | D        | Reached XP level 11. HP: 57/57 MP: 12/12
  3092 | D        | Reached skill level 15 in Dodging
  3101 | D        | Reached skill level 23 in Stealth
  3131 | D        | Noticed a 12-headed hydra
  3133 | D        | Killed a 12-headed hydra
  3156 | D        | HP: 2/57 [something (6)]
  3757 | D        | Bought an uncursed ring of protection from fire for 275
                  | gold pieces
  3870 | D        | Bought a scroll of identify for 48 gold pieces
  3870 | D        | Bought a glowing orange potion for 21 gold pieces
  3989 | D        | Noticed a golden dragon
  3991 | D        | Noticed a shadow dragon
  3994 | D        | Killed a shadow dragon
  4002 | D        | Killed a golden dragon
  4301 | D        | Found Kotzemi's Assorted Antiques.
  4398 | D        | Bought an uncursed ring of fire for 350 gold pieces
  4405 | D        | Bought a potion of heal wounds for 70 gold pieces
  4405 | D        | Bought a potion of heal wounds for 70 gold pieces
  4405 | D        | Bought 2 potions of heal wounds for 140 gold pieces
  4405 | D        | Bought a potion of invisibility for 112 gold pieces
  4405 | D        | Bought 2 potions of ambrosia for 224 gold pieces
  4405 | D        | Bought a potion of cancellation for 112 gold pieces
  4405 | D        | Bought a potion of curing for 42 gold pieces
  4405 | D        | Bought a potion of lignification for 42 gold pieces
  4405 | D        | Bought a potion of curing for 42 gold pieces
  4406 | D        | Bought a potion of degeneration for 13 gold pieces
  4406 | D        | Bought a potion of resistance for 130 gold pieces
  4406 | D        | Bought a potion of mutation for 104 gold pieces
  4445 | D        | Noticed a shining eye
  4445 | D        | Noticed a shining eye
  4445 | D        | Noticed a shining eye
  4445 | D        | Noticed a shining eye
  4445 | D        | Noticed a shining eye
  4445 | D        | Noticed a shining eye
  4447 | D        | Killed a shining eye
  4448 | D        | Paralysed by a floating eye for 3 turns
  4448 | D        | Killed a shining eye
  4448 | D        | Reached skill level 24 in Stealth
  4449 | D        | Killed a shining eye
  4449 | D        | Killed a shining eye
  4452 | D        | Killed a shining eye
  4453 | D        | Noticed a shining eye
  4453 | D        | Noticed a shining eye
  4455 | D        | Killed a shining eye
  4456 | D        | Killed a shining eye
  4457 | D        | Killed a shining eye
  4462 | D        | Found Iggu's Antique Armour Shop.
  4462 | D        | Found Ireur's Armour Shoppe.
  4462 | D        | Found Ykkirphya's Assorted Antiques.
  4462 | D        | Found Ifruba's Magic Scroll Emporium.
  4479 | D        | Bought a scroll of fog for 26 gold pieces
  4479 | D        | Bought a scroll of random uselessness for 13 gold pieces
  4479 | D        | Bought a scroll of amnesia for 45 gold pieces
  4490 | D        | Bought a potion of heal wounds for 120 gold pieces
  4699 | D        | Noticed a daeva
  4712 | D        | Killed a daeva
  4712 | D        | Gained mutation: Your thick and shaggy fur keeps you warm.
                  | (AC +3, rC+) [Felid growth]
  4712 | D        | Reached XP level 12. HP: 18/63 MP: 13/13
  5236 | D        | Bought a ration for 70 gold pieces
  5236 | D        | Bought a ration for 70 gold pieces
  5236 | D        | Bought a ration for 70 gold pieces
  5236 | D        | Bought a ration for 70 gold pieces
  5236 | D        | Bought a ration for 70 gold pieces
  5301 | D        | Noticed a fire giant
  5305 | D        | Noticed a fire giant
  5306 | D        | Noticed a fire giant
  5307 | D        | Noticed a fire giant
  5309 | D        | Killed a fire giant
  5327 | D        | Killed a fire giant
  5327 | D        | Reached skill level 25 in Stealth
  5330 | D        | Killed a fire giant
  5338 | D        | Killed a fire giant
  5338 | D        | Reached skill level 15 in Fighting
  5338 | D        | Reached skill level 15 in Unarmed Combat
  5481 | D        | Bought a scroll of blinking for 82 gold pieces
  5495 | D        | Bought a potion of flight for 39 gold pieces
  5598 | D        | Noticed Tiamat
  5627 | D        | Got the Orb of Zot
  5627 | D        | HP: 1/65 [stone wall collision (8)]
  5670 | D        | Noticed a Hell Sentinel
  5680 | D        | Noticed an Ice Fiend
  5696 | D        | Escaped with the Orb!

Skill      XL: |  1  2  3  4  5  6  7  8  9 10 11 12 |
---------------+-------------------------------------+-----
Stealth        | 7 12 16 18 19 20 21 22 24 25 | 25.2
Fighting       | 4 6 8 9 11 13 15 | 15.0
Dodging        | 5 8 10 12 14 17 18 | 18.7
Unarmed Combat | 4 6 8 9 11 13 15 | 15.0

Action                   |  1- 3 |  4- 6 |  7- 9 | 10-12 || total
-------------------------+-------+-------+-------+-------++-------
Melee: Unarmed           |    11 |     9 |    29 |   116 ||   165
       Bite              |     3 |     1 |     4 |     6 ||    14
       Punch             |       |       |     1 |    10 ||    11
Invok: Berserk           |     2 |     1 |     1 |     5 ||     9
       Brothers in Arms  |       |       |       |    14 ||    14
       Trog's Hand       |       |       |       |     2 ||     2
Evoke: Wand              |       |       |       |     6 ||     6
  Use: Scroll            |       |       |     1 |     5 ||     6
       Potion            |       |       |     2 |    14 ||    16
 Stab: Sleeping          |       |     3 |     6 |    32 ||    41
  Eat: Chunk             |       |       |     7 |       ||     7
       Ration            |       |       |       |     8 ||     8
Armor: Skin              |       |     1 |     1 |       ||     2
Dodge: Dodged            |     8 |     4 |    57 |   116 ||   185
